 Dungeon Crawl Stone Soup version 0.23-a0-183-gf37f6fb (webtiles) character file.

3357 galech the Cleaver (level 9, -9/69 HPs)
             Began as a Demonspawn Fighter on Sept 21, 2018.
             Killed from afar by an electric eel (11 damage)
             ... with a bolt of electricity
             ... on level 8 of the Dungeon.
             The game lasted 00:09:36 (6844 turns).

galech the Cleaver (Demonspawn Fighter)             Turns: 6844, Time: 00:09:37

Health: -9/69      AC: 16    Str: 21    XL:     9   Next: 73%
Magic:  9/9        EV: 11    Int: 11    God:
Gold:   268        SH: 10    Dex: 17    Spells: 8/8 levels left

rFire    . . .     SeeInvis .   a - +0 war axe
rCold    . . .     Gourm    .   c - +0 shield
rNeg     . . .     Faith    .   u - +1 ring mail of Vehumet's Reproof {Regen+}
rPois    .         Spirit   .   (no helmet)
rElec    .         Reflect  .   (no cloak)
rCorr    .         Harm     .   (no gloves)
MR       .....                  (no boots)
Stlth    +.........             (no amulet)
HPRegen  0.61/turn              w - +2 ring of dexterity
MPRegen  0.11/turn              (no ring)

@: mighty, sanguine armour
A: hooves 1, powered by pain 2, spiny 1, sanguine armour 2
a: no special abilities


You were on level 8 of the Dungeon.
You were not hungry.

You visited 2 branches of the dungeon, and saw 9 of its levels.
You also visited: Sewer and Ossuary.

You collected 268 gold pieces.

Inventory:

Hand Weapons
 a - a +0 war axe (weapon)
Armour
 c - a +0 shield (worn)
 r - a +0 ring mail of cold resistance
 u - the +1 ring mail of Vehumet's Reproof (worn) {Regen+}
   (You found it on level 4 of the Dungeon)

   It increases your rate of regeneration.
Jewellery
 w - a +2 ring of dexterity (left hand)
Wands
 h - a wand of random effects (56)
 v - a wand of flame (23)
 C - a wand of iceblast (10)
 H - a wand of digging (14)
Scrolls
 b - 2 scrolls of fog
 e - 4 scrolls of teleportation
 g - 5 scrolls of enchant armour
 i - 4 scrolls of remove curse
 j - 3 scrolls of blinking
 m - 4 scrolls of immolation
 n - a scroll of amnesia {unknown}
 p - 2 scrolls of magic mapping
 x - 2 scrolls of enchant weapon
 y - 3 scrolls of fear
 D - 3 scrolls of identify
 E - 4 scrolls of random uselessness {unknown}
Potions
 d - 4 potions of might
 k - 2 potions of resistance
 l - 3 potions of heal wounds
 o - 2 potions of curing {unknown}
 q - a potion of magic
 s - 8 potions of degeneration {unknown}
 t - a potion of brilliance {unknown}
 z - 2 potions of lignification
 A - 2 potions of agility
 B - a potion of haste
 F - 3 potions of mutation {unknown}
 G - a potion of berserk rage {unknown}
Comestibles
 f - 11 rations
 I - 3 chunks of flesh


   Skills:
 + Level 6.0 Fighting
 + Level 9.0 Axes
 + Level 5.4 Armour
 + Level 3.1 Dodging
 + Level 1.5 Stealth
 + Level 5.5 Shields


You had 8 spell levels left.
You didn't know any spells.
Your spell library contained the following spells:

 Spells                   Type           Power        Failure   Level  Hunger
 Magic Dart               Conj           #...         88%         1    ##.....
 Blink                    Tloc           N/A          96%         2    ###....
 Call Imp                 Summ           #.......     96%         2    ###....
 Slow                     Hex            #.......     96%         2    ###....
 Conjure Flame            Conj/Fire      #.......     99%         3    ####...
 Mephitic Cloud           Conj/Pois/Air  #.......     99%         3    ####...


Dungeon Overview and Level Annotations

Branches:
Dungeon (8/15)             Temple (1/1) D:7
   Lair: D:8-11

Altars:
Ashenzari
Cheibriados
Dithmenos
Elyvilon
Fedhas
Gozag
Hepliaklqana
Kikubaaqudgha
Makhleb
Nemelex Xobeh
Qazlal
Ru
Sif Muna
Trog
Vehumet
Wu Jian
Xom
Yredelemnul
Zin
The Shining One

Annotations:
D:7 3 runed doors, Ijustatesigmund's ghost, novice OpGl


Innate Abilities, Weirdness & Mutations

You have large cloven feet.
You sometimes gain power by taking damage.
You are partially covered in sharp spines.
When seriously injured, your bleeding wounds create thick armour. (AC +9)


Message History

Your blood congeals into armour.
The worker ant waves its antennae.
The electric eel shoots out a bolt of lightning at you!
The bolt of electricity hits the plant.
The bolt of electricity hits you!
The electric eel shoots out a bolt of lightning at you!
The bolt of electricity hits you!
The electric eel shoots out a bolt of lightning at you!
The bolt of electricity hits the plant.
The bolt of electricity hits you!
* * * LOW HITPOINT WARNING * * *
The electric eel shoots out a bolt of lightning at you!
The bolt of electricity hits you!
* * * LOW HITPOINT WARNING * * *
A sky beast appears from thin air!
Reactivating autopickup.
The electric eel shoots out a bolt of lightning at you!
The bolt of electricity hits you!
* * * LOW HITPOINT WARNING * * *
The electric eel shoots out a bolt of lightning at you!
The bolt of electricity hits you!
You die...

.###.###.## #####.......
#..##..####...........
.......^......##......#
<.............##......#
..#....#######.).......#
#.###.##### ###........
..#.....#######........
...#...#...##.......). .
.##.........#@........
..P♣........Y...........
...≈≈.....§...........(.
.P≈≈♣P;................
..≈≈≈≈≈≈♣...............
..≈≈≈≈≈P;#...#.#........
..≈≈≈≈a≈♣####..##..##..
..P≈≈≈≈P♣ .## #.# .#
..≈≈≈≈≈≈♣ .## ...


You could see a sky beast and an electric eel.

Vanquished Creatures
  Pikel (D:6)
  A hippogriff (D:7)
  A water moccasin (D:8)
  An orc warrior (D:6)
  2 phantoms
  2 sky beasts
  A black bear (D:6)
  2 ogres
  2 centaurs
  4 big kobolds (Sewer)
  Blork the orc (D:6)
  A bullfrog (D:6)
  2 wyvern skeletons
  3 scorpions
  3 killer bees (D:7)
  A howler monkey (D:6)
  2 crimson imps (D:6)
  3 centaur zombies
  A bullfrog skeleton (D:6)
  2 jellies (D:7)
  An orc priest (D:6)
  4 hounds
  5 orc wizards
  2 centaur skeletons
  A worker ant (D:7)
  3 mummies (Ossuary)
  2 worker ant zombies (D:7)
  7 adders
  A river rat (Sewer)
  7 oozes
  An adder skeleton (D:5)
  2 worms
  A dart slug (D:2)
  8 leopard geckos
  20 orcs
  12 bats
  9 giant cockroaches
  9 goblins
  4 hobgoblins
  13 jackals
  A quokka (D:3)
  3 ball pythons (Sewer)
  6 frilled lizards
  A goblin zombie (Ossuary)
  A hobgoblin zombie (Ossuary)
  A jackal skeleton (D:5)
  12 kobolds
  2 kobold zombies (Ossuary)
  2 orc zombies (Ossuary)
  A quokka zombie (D:5)
  17 rats
195 creatures vanquished.

Vanquished Creatures (others)
  2 bullfrogs (D:6)
  A giant cockroach (D:6)
  A quokka (D:6)
4 creatures vanquished.

Grand Total: 199 creatures vanquished

Notes
Turn   | Place    | Note
-------+----------+-------------------------------------------
     0 | D:1      | galech the Demonspawn Fighter began the quest for the Orb.
     0 | D:1      | Reached XP level 1. HP: 18/18 MP: 1/1
    24 | D:1      | Reached skill level 2 in Axes
    82 | D:1      | Gained mutation: You sometimes gain a little power by
                  | taking damage. [demonic ancestry]
    82 | D:1      | Reached XP level 2. HP: 20/24 MP: 2/2
   371 | D:1      | Reached XP level 3. HP: 27/29 MP: 3/3
  1013 | D:2      | Found a sacrificial altar of Ru.
  1014 | D:2      | Found an ornate altar of the Wu Jian Council.
  1416 | D:3      | Gained mutation: When seriously injured, your bleeding
                  | wounds create armour. (AC +9) [demonic ancestry]
  1416 | D:3      | Reached XP level 4. HP: 35/35 MP: 4/4
  1418 | D:3      | Reached skill level 3 in Axes
  1564 | D:3      | Found a glowing drain.
  1688 | Sewer    | Entered a sewer
  1998 | Sewer    | Gained mutation: You sometimes gain power by taking damage.
                  | [demonic ancestry]
  1998 | Sewer    | Reached XP level 5. HP: 41/41 MP: 5/5
  2233 | Sewer    | Reached skill level 4 in Axes
  2279 | Sewer    | Reached skill level 1 in Dodging
  2279 | Sewer    | Gained mutation: When seriously injured, your bleeding
                  | wounds create thick armour. (AC +9) [demonic ancestry]
  2279 | Sewer    | Reached XP level 6. HP: 44/48 MP: 6/6
  2499 | Sewer    | Reached skill level 5 in Axes
  2669 | D:3      | Found a faded altar of an unknown god.
  2744 | D:3      | Gained mutation: You have large cloven feet. [demonic
                  | ancestry]
  2744 | D:3      | Reached XP level 7. HP: 28/53 MP: 7/7
  2992 | D:3      | Found a hazy altar of Hepliaklqana.
  3144 | D:3      | Found a sparkling altar of Nemelex Xobeh.
  3673 | D:4      | Got a warped ring mail
  3684 | D:4      | Identified the cursed +1 ring mail of Vehumet's Reproof
                  | {Regen+} (You found it on level 4 of the Dungeon)
  4158 | D:5      | Entered Level 5 of the Dungeon
  4336 | D:5      | Found a shattered altar of Ashenzari.
  4421 | D:5      | Found a bloodstained altar of Trog.
  4825 | D:6      | Noticed Pikel
  4852 | D:6      | Killed Pikel
  4852 | D:6      | Reached skill level 6 in Axes
  4852 | D:6      | Gained mutation: You are partially covered in sharp spines.
                  | [demonic ancestry]
  4852 | D:6      | Reached XP level 8. HP: 36/61 MP: 8/8
  4904 | D:6      | Noticed Blork the orc
  4910 | D:6      | Killed Blork the orc
  4987 | D:6      | Found a basalt altar of Yredelemnul.
  5028 | D:6      | Reached skill level 7 in Axes
  5214 | D:6      | Reached skill level 5 in Fighting
  5538 | D:6      | Reached XP level 9. HP: 68/68 MP: 9/9
  5570 | D:6      | Reached skill level 1 in Stealth
  5575 | D:6      | Reached skill level 8 in Axes
  5575 | D:6      | Reached skill level 5 in Shields
  5638 | D:7      | Found a sand-covered staircase.
  5744 | D:7      | Reached skill level 5 in Armour
  5784 | Ossuary  | Entered an ossuary
  5979 | D:7      | Found a glowing silver altar of Zin.
  6013 | D:7      | Found a staircase to the Ecumenical Temple.
  6024 | Temple   | Entered the Ecumenical Temple
  6416 | D:7      | Found a runed gate.
  6418 | D:7      | Found a runed gate.
  6418 | D:7      | Found a runed gate.
  6421 | D:7      | Noticed Ijustatesigmund's ghost (novice OpGl)
  6572 | D:7      | Reached skill level 9 in Axes
  6751 | D:7      | Got an iridescent fustibalus
  6752 | D:7      | Identified the cursed +2 fustibalus of Ymuzol {flame, rF-
                  | rN+ Int+3} (You found it on level 7 of the Dungeon)
  6783 | D:8      | Found a radiant altar of Vehumet.
  6843 | D:8      | HP: 2/69 [electric eel/bolt of electricity (11)]
  6844 | D:8      | Killed from afar by an electric eel

Vault maps used:
D:1:      shiori_arrival_maze, minmay_cupped
D:2:      gammafunk_temple_overflow_pools, grunt_ministairs_11
D:3:      marbit_many_paths, gup_sewer_entry_pipe,
          chequers_ecumenical_altar_simple, nemelex_diamond_rough_becter
D:5:      lemuel_crystal_altar, nicolae_overflow_crystal_walls, first_ration
D:6:      black_bear_nest_2, yredelemnul_altar_generic, uniq_blork_the_orc,
          uniq_pikel
D:7:      zin_academy, temple_green, enter_ossuary_3, gammafunk_ghost_necromancy
D:8:      nicolae_overflow_hidden_temple, lemuel_crystal_altar,
          dancing_weapons_uskayaw, hangedman_ranch, serial_bayou_ford_a
Temple:   minmay_temple_bridge_abc
Sewer:    sewer_co_tree
Ossuary:  ossuary_crypta

Skill      XL: |  1  2  3  4  5  6  7  8  9 |
---------------+----------------------------+-----
Axes           | 2 3 4 5 6 7 9 |  9.0
Armour         | 3 4 5 |  5.4
Shields        | 3 4 5 |  5.5
Dodging        | 1 2 3 |  3.1
Fighting       | 4 5 6 |  6.0
Stealth        | 1 |  1.5

Action                   |  1- 3 |  4- 6 |  7- 9 || total
-------------------------+-------+-------+-------++-------
Melee: War axe           |   144 |   264 |   280 ||   688
       Kick              |       |       |    96 ||    96
  Use: Potion            |       |     2 |     3 ||     5
       Scroll            |       |       |    11 ||    11
  Eat: Chunk             |     2 |     5 |    14 ||    21
Armor: Scale mail        |    73 |   115 |       ||   188
       Ring mail         |       |     8 |    77 ||    85
       Skin              |       |       |     5 ||     5
Dodge: Dodged            |    48 |    86 |   100 ||   234
Block: Shield            |    86 |   120 |   130 ||   336

Table legend:
 A = Non-vault XP
 B = Vault XP
 C = Vault XP percentage of total XP
 D = Non-vault monster count
 E = Vault monster count
 F = Vault count percentage of total count
                 A         B        C        D         E       F
            +---------+---------+-------+---------+---------+-------
      Total |    3225 |    1571 |  32.8 |     137 |      58 |  29.7
            +---------+---------+-------+---------+---------+-------
        D:1 |      45 |       8 |  15.1 |      25 |       6 |  19.4
        D:2 |      35 |       3 |   7.9 |      13 |       2 |  13.3
        D:3 |     158 |      27 |  14.6 |      33 |       7 |  17.5
        D:4 |      47 |       0 |   0.0 |       5 |       0 |   0.0
        D:5 |     287 |       3 |   1.0 |       9 |       1 |  10.0
        D:6 |    1167 |     883 |  43.1 |      28 |       3 |   9.7
        D:7 |    1183 |       0 |   0.0 |      21 |       0 |   0.0
        D:8 |     303 |       0 |   0.0 |       3 |       0 |   0.0
      Sewer |       0 |     493 | 100.0 |       0 |      28 | 100.0
    Ossuary |       0 |     154 | 100.0 |       0 |      11 | 100.0
            +---------+---------+-------+---------+---------+-------
